 Dungeon Crawl Stone Soup version 0.28-a0-1080-g05a166d0ed (webtiles) character file.

Game seed: 4463109453307529103

65 yoda5477 the Chopper (level 3, 0/43 HPs)
             Began as a Demonspawn Fighter on Dec 9, 2021.
             Succumbed to an adder's poison
             ... on level 3 of the Dungeon.
             The game lasted 00:08:24 (1781 turns).

yoda5477 the Chopper (Demonspawn Fighter)           Turns: 1781, Time: 00:08:25

Health: 0/43       AC: 21    Str: 18    XL:     3   Next: 92%
Magic:  3/3        EV:  2    Int:  9    God:
Gold:   57         SH:  8    Dex: 12    Spells: 2/2 levels left

rFire   . . .      SeeInvis .   a - +0 war axe
rCold   . . .      Faith    .   c - +0 buckler
rNeg    . . .      Spirit   .   (armour currently unavailable)
rPois   +          Reflect  .   (helmet currently unavailable)
rElec   .          Harm     .   (cloak currently unavailable)
rCorr   .          Rampage  .   (gloves currently unavailable)
Will    .....      NoTele   +   (boots currently unavailable)
Stlth   +.........              (no amulet)
HPRegen 0.14/turn               (no ring)
MPRegen 0.08/turn               (no ring)

@: lethally poisoned (0 -> -2), tree-form
A: stationary, stasis, torment immunity, boosted hp, condensation shield
a: no special abilities


You were on level 3 of the Dungeon.
You were a tree.
You visited 1 branch of the dungeon, and saw 3 of its levels.

You collected 57 gold pieces.

Inventory:

Hand Weapons
 a - a +0 war axe (weapon)
Missiles
 i - 55 stones (quivered)
 k - 30 sling bullets
 p - 5 atropa-tipped darts
 q - 26 arrows
Armour
 b - a +0 scale mail (melded)
 c - a +0 buckler (worn)
 l - a +0 pair of gloves (melded)
Wands
 u - a wand of iceblast (9)
Scrolls
 e - 2 scrolls of identify {unknown}
 f - a scroll of immolation {unknown}
 h - a scroll of teleportation {unknown}
 j - 2 scrolls of enchant weapon {unknown}
 o - a scroll of enchant armour {unknown}
 r - a scroll of silence {unknown}
Potions
 d - 2 potions of might
 m - a potion of curing {unknown}
 n - a potion of attraction {unknown}
 s - a potion of brilliance {unknown}
 t - a potion of flight {unknown}


   Skills:
 - Level 3.0 Fighting
 * Level 3.9 Axes
 - Level 2.6 Armour
 - Level 2.6 Shields


You had 2 spell levels left.
You didn't know any spells.
Your spell library contained the following spells:

 Spells                   Type           Power      Damage    Failure   Level
 Pain                     Necr           0%         1d4       43%         1
 Agony                    Necr           0%         N/A       100%        5
 Excruciating Wounds      Necr           0%         N/A       100%        5


Dungeon Overview and Level Annotations

Branches:
Dungeon (3/15)

Altars:

Annotations:
D:2 Sigmund


Innate Abilities, Weirdness & Mutations

You are a tree.
Your roots penetrate the ground, keeping you stationary.
You cannot be teleported.
You are immune to unholy pain and torment.
Your maximum health is greatly increased.
Your equipment is partially melded.
A meltable shield of frost defends you. (SH +4)


Message History

You kill the endoplasm!
You feel sick. You block the adder's attack.
You barely miss the adder.
The adder is severely wounded.
You feel sick. You block the adder's attack.
You closely miss the adder.
The adder is severely wounded.
You feel sick. The adder bites you.
* * * LOW HITPOINT WARNING * * *
The adder bites you but does no damage.
You miss the adder.
The adder is severely wounded.
You feel sick.
You are no longer poisoned.
The adder bites you.
* * * LOW HITPOINT WARNING * * *
You are lethally poisoned!
The adder poisons you! The adder bites you but does no damage.
You closely miss the adder.
The adder is severely wounded.
* * * LOW HITPOINT WARNING * * *
You feel sick. You block the adder's attack. x2
Okay, then.
Okay, then.
It was a potion of lignification.
You turn into a tree.
Your +0 pair of gloves melds into your body.
Your +0 scale mail melds into your body.
Your roots penetrate the ground.
* * * LOW HITPOINT WARNING * * *
You feel sick.
The gnoll shouts!
You hear a shout!
The adder bites you but does no damage.
You barely miss the adder.
The adder is severely wounded.
* * * LOW HITPOINT WARNING * * *
You feel sick. The adder bites you but does no damage.
You block the adder's attack.
You slash the adder!
You kill the adder!
You die...

#####.# .##
#.....#
♣...##.....# #
♣........###..#
♣♣#.)........#
♣≈g.....###.#
≈P≈≈♣♣>>)..#
≈PP≈≈P♣..<.###.##
≈≈≈≈≈≈♣..#♣....#
≈≈PP≈≈≈♣..#.....#
..........#.....#
≈≈≈≈≈≈≈≈..#.....#
≈≈≈≈≈≈≈≈♣##.....#
≈≈≈P≈≈≈ ......#
≈≈≈P≈ ......#
#.....#


You could see a gnoll.

Vanquished Creatures
  4 adders
  A worm (D:2)
  4 ball pythons
  3 bats (D:1)
  6 endoplasms
  4 giant cockroaches
  5 goblins
  A hobgoblin (D:1)
  A frilled lizard (D:1)
  A kobold (D:1)
  3 rats
33 creatures vanquished.

Vanquished Creatures (others)
  8 plants (D:3)
8 creatures vanquished.

Grand Total: 41 creatures vanquished

Notes
Turn   | Place    | Note
-------+----------+-------------------------------------------
     0 | D:1      | yoda5477 the Demonspawn Fighter began the quest for the
                  | Orb.
     0 | D:1      | Reached XP level 1. HP: 18/18 MP: 1/1
   466 | D:1      | Gained mutation: A meltable shield of frost defends you.
                  | (SH +4) [demonic ancestry]
   466 | D:1      | Reached XP level 2. HP: 22/24 MP: 2/2
  1078 | D:2      | Reached XP level 3. HP: 21/29 MP: 3/3
  1534 | D:2      | Noticed Sigmund
  1546 | D:2      | Found a faded altar of an unknown god.
  1779 | D:3      | HP: 2/43 [poisoned by an adder]
  1781 | D:3      | Succumbed to an adder's poison

Illustrated notes

Levels and vault maps discovered:
D:1:      ncdulo_smallfort, layout_loops_cross
D:2:      layout_basic, shapermc_ecumenical_altar_pompeii, serial_shops,
          shop_statue, basic_altar, uniq_sigmund
D:3:      layout_rooms, serial_bayou_lagoon_b, uniq_natasha, uniq_jessica

Skill      XL: |  1  2 |
---------------+-------+-----
Axes           | 2 3 |  3.9
Fighting       | |  3.0
Armour         | |  2.6
Shields        | |  2.6

Action                   || total
-------------------------++-------
Melee: War axe           ||   125
  Use: Potion            ||     1
Armor: Scale mail        ||    57
       Skin              ||     2
Dodge: Dodged            ||    56
Block: Buckler           ||    63

Table legend: (Time is in decaauts)
 A = Elapsed time spent in this place.
 B = Non-inter-level travel time spent in this place.
 C = Inter-level travel time spent in this place.
 D = Time resting spent in this place.
 E = Time spent auto-exploring this place.
 F = Levels seen in this place.
 G = Mean time per level.
                   A        B        C        D        E       F      G
               +--------+--------+--------+--------+--------+-----+--------+
         Total |   1834 |   1804 |     30 |    474 |    772 |   3 |  611.3 |
       Dungeon |   1834 |   1804 |     30 |    474 |    772 |   3 |  611.3 |
               +--------+--------+--------+--------+--------+-----+--------+

Top non-repeatable levels by time:
     D:1: 1128 daAuts
     D:2: 653 daAuts
     D:3: 52 daAuts
